 Dungeon Crawl Stone Soup version 0.21-a0-265-gb353147 (webtiles) character file.

30 JackS81 the Changer (level 3, -2/26 HPs)
             Began as a Merfolk Transmuter on Sept 12, 2017.
             Killed from afar by Sigmund (14 damage)
             ... with a puff of flame
             ... on level 2 of the Dungeon.
             The game lasted 00:03:52 (1085 turns).

JackS81 the Changer (Merfolk Transmuter)            Turns: 1085, Time: 00:03:56

Health: -2/26      AC:  2    Str: 10    XL:     3   Next: 18%
Magic:  4/6        EV: 21    Int: 13    God:
Gold:   98         SH:  0    Dex: 19    Spells: 2/6 levels left

rFire    . . .     SeeInvis .     - Unarmed
rCold    . . .     Gourm    .   (shield currently unavailable)
rNeg     . . .     Faith    .   (armour currently unavailable)
rPois    x         Spirit   .   (helmet currently unavailable)
rElec    .         Reflect  .   (cloak currently unavailable)
rCorr    .         Harm     .   (gloves currently unavailable)
MR       .....                  (boots currently unavailable)
Stlth    ++........             (no amulet)
HPRegen  0.08/turn              (no ring)
MPRegen  0.10/turn              (no ring)

@: spider-form (expiring)
A: (change form in water), (swift swim), (stealthy swim)
a: End Transformation


You were on level 2 of the Dungeon.
You were not hungry.
You were a venomous arachnid creature.
You visited 1 branch of the dungeon, and saw 2 of its levels.

You collected 98 gold pieces.

Inventory:

Missiles
 a - 12 arrows
 f - 27 stones (quivered)
Armour
 b - a +0 robe (melded)
Jewellery
 j - an uncursed amulet of the gourmand {unknown}
Scrolls
 h - 2 scrolls of identify {unknown}
 i - a scroll of remove curse {unknown}
 k - 2 scrolls of recharging {unknown}
 l - a scroll of fog {unknown}
Potions
 e - 2 potions of curing {unknown}
 g - a potion of haste {unknown}
Books
 c - a book of Changes

   Spells                             Type                      Level
   a - Beastly Appendage              Transmutation                1
   b - Sticks to Snakes               Transmutation                2
   c - Spider Form                    Transmutation/Poison         3
   d - Ice Form                       Ice/Transmutation            4
   e - Blade Hands                    Transmutation                5
Comestibles
 d - a bread ration
 m - 2 chunks of flesh
 n - a fruit


   Skills:
 - Level 1.1 Fighting
 - Level 2.6 Dodging
 * Level 3.2 Unarmed Combat
 - Level 2.0 Spellcasting
 * Level 4.7 Transmutations


You had 2 spell levels left.
You knew the following spells:

 Your Spells              Type           Power        Failure   Level  Hunger
a - Beastly Appendage     Tmut           ##....       12%         1    ##.....
b - Spider Form           Tmut/Pois      #.........   50%         3    ####...


Dungeon Overview and Level Annotations

Branches:
Dungeon (2/15)

Altars:

Annotations:
D:2 Sigmund


Message History

You hit Sigmund.
Sigmund is lightly wounded.
Your transformation is almost over.
You hit Sigmund.
Sigmund is poisoned.
Sigmund is lightly wounded.
Sigmund completely misses you.
You barely miss Sigmund.
Sigmund is lightly wounded.
Sigmund hits you with a scythe of freezing.
Sigmund freezes you.
You hit Sigmund.
Sigmund looks as sick as possible!
Sigmund is moderately wounded.
The rat misses you.
You hit Sigmund.
Sigmund looks as sick as possible!
Sigmund is heavily wounded.
The rat closely misses you. Sigmund gestures at you while chanting.
The puff of flame hits you!
Ouch! That really hurt!
You die...

.......<...# $..........#
...........# ...........#
...........# .....%.....#
...........# ...........#
......rs...#
#######@#'###########
......#...........#
#......#...........#
#......#...........#
#..................#
###########..................#
.............................#
.............................#


You could see Sigmund and a rat.

Vanquished Creatures
  A giant cockroach (D:1)
  2 goblins (D:1)
  7 hobgoblins
  4 jackals (D:1)
  3 kobolds
  4 bats
  6 rats
27 creatures vanquished.

Notes
Turn   | Place    | Note
-------+----------+-------------------------------------------
     0 | D:1      | JackS81 the Merfolk Transmuter began the quest for the Orb.
     0 | D:1      | Reached XP level 1. HP: 15/15 MP: 3/3
    50 | D:1      | Reached skill level 3 in Transmutations
   269 | D:1      | Reached XP level 2. HP: 10/21 MP: 3/5
   505 | D:1      | Reached skill level 4 in Transmutations
   771 | D:1      | Reached XP level 3. HP: 23/26 MP: 4/6
  1008 | D:2      | Learned a level 3 spell: Spider Form
  1078 | D:2      | Noticed Sigmund
  1085 | D:2      | Killed from afar by Sigmund

Vault maps used:
D:1:      minmay_arrival_jagged
D:2:      cheibriados_altar_1, first_bread, uniq_sigmund,
          uniq_crazy_yiuf_cottage

Skill      XL: |  1  2 |
---------------+-------+-----
Transmutations | 3 4 |  4.7
Fighting       | |  1.1
Dodging        | |  2.6
Unarmed Combat | |  3.2
Spellcasting   | |  2.0

Action                   || total
-------------------------++-------
Melee: Unarmed           ||    90
       Headbutt          ||    13
       Punch             ||     1
Throw: Stone             ||    12
 Cast: Beastly Appendage ||    17
       Spider Form       ||     1
 Stab: Sleeping          ||     2
  Eat: Chunk             ||     1
Armor: Robe              ||     8
Dodge: Dodged            ||    49

Table legend:
 A = Spawn XP
 B = Non-spawn XP
 C = Spawn XP percentage of total XP
 D = Spawn monster count
 E = Non-spawn monster count
 F = Spawn count percentage of total count
 G = Total turns spent on level
                    A         B        C        D         E        F      G
               +---------+---------+-------+---------+---------+-------+---------
         Total |       0 |      43 |   0.0 |       0 |      27 |   0.0 |  1085
               +---------+---------+-------+---------+---------+-------+---------
           D:1 |       0 |      37 |   0.0 |       0 |      23 |   0.0 |  1001
           D:2 |       0 |       6 |   0.0 |       0 |       4 |   0.0 |    84
               +---------+---------+-------+---------+---------+-------+---------
